 Dungeon Crawl Stone Soup version 0.20.0-8-g6b59dc7 (webtiles) character file.

17 MTVSty1e the Chiller (level 2, 0/17 HPs)
             Began as a Gargoyle Ice Elementalist on June 2, 2017.
             Killed from afar by a dart slug (3 damage)
             ... with a slug dart
             ... on level 1 of the Dungeon.
             The game lasted 00:01:49 (962 turns).

MTVSty1e the Chiller (Gargoyle Ice Elementalist)     Turns: 962, Time: 00:01:52

Health: 0/17       AC:  5    Str: 11    XL:     2   Next: 62%
Magic:  0/5        EV: 11    Int: 15    God:
Gold:   24         SH:  0    Dex: 10    Spells: 4/5 levels left

rFire    . . .     SeeInvis .   g - +0 club
rCold    . . .     Gourm    .   (no shield)
rNeg     + . .     Faith    .   h - +0 leather armour
rPois    ∞         Spirit   .   (no helmet)
rElec    +         Reflect  .   (no cloak)
rCorr    .         Harm     .   (no gloves)
MR       .....                  (no boots)
Stlth    ++........             (no amulet)
Regen    0.1/turn               (no ring)
MPRegen  0.1/turn               (no ring)

@: no status effects
A: negative energy resistance 1, electricity resistance, unbreathing,
petrification resistance, rot immunity, AC +2
a: no special abilities


You were on level 1 of the Dungeon.
You were hungry.

You visited 1 branch of the dungeon, and saw 1 of its levels.

You collected 24 gold pieces.

Inventory:

Hand Weapons
 g - a +0 club (weapon)
Armour
 h - a +0 leather armour (worn)
Scrolls
 e - a scroll of immolation {unknown}
Potions
 a - a potion of degeneration {unknown}
 d - a potion of magic {unknown}
 i - a potion of agility {unknown}
Books
 b - a book of Frost

   Spells                             Type                      Level
   a - Freeze                         Ice                          1
   b - Throw Frost                    Conjuration/Ice              2
   c - Ozocubu's Armour               Charms/Ice                   3
   d - Throw Icicle                   Conjuration/Ice              4
   e - Summon Ice Beast               Ice/Summoning                4
Comestibles
 c - 2 bread rations
 f - a royal jelly


   Skills:
 + Level 1.8 Fighting
 * Level 1.2 Maces & Flails
 - Level 1.5 Dodging
 - Level 2.1 Stealth
 - Level 2.0 Spellcasting
   Level 1.1 Conjurations
 - Level 3.0 Ice Magic


You had 4 spell levels left.
You knew the following spells:

 Your Spells              Type           Power        Failure   Level  Hunger
a - Freeze                Ice            ##..         9%          1    #......


Dungeon Overview and Level Annotations

Branches:
Dungeon (1/15)

Altars:


Innate Abilities, Weirdness & Mutations

You are resistant to torment.
Your stone body is resilient. (AC +2)
You are immune to poison.
You resist negative energy. (rN+)
You are resistant to electric shocks. (rElec)
You can survive without breathing.
You are immune to petrification.
You are immune to rotting.


Message History

The hobgoblin is severely wounded.
The hobgoblin hits you with an uncursed mace.
The dart slug launches a dart at you. The slug dart misses you.
The hobgoblin closely misses you.
You hit the hobgoblin but do no damage.
The hobgoblin is severely wounded.
The dart slug closely misses you.
The hobgoblin drinks a potion.
The hobgoblin is healed!
Casting: Freeze
Confirm with . or Enter, or press ? or * to list all spells.
Aiming: Freeze
Press: ? - help, Shift-Dir - straight line, f/p - hobgoblin
Aim: a hobgoblin, wielding a mace and wearing a scale mail You freeze the hobgoblin.
The hobgoblin is severely wounded.
The hobgoblin hits you with an uncursed mace.
* * * LOW HITPOINT WARNING * * *
The dart slug launches a dart at you. The slug dart hits you!
You die...

#.#
#.###.....###.#
#.#
#.#.##...##.#.#
#.#
#.'⌠.##(##.⌠'.#
#.#
#.#...#'#...#.#
#.#
#.##...'...##.#
.[.
...##.....##.##
##.⌠.## . ##(##
# #@#
......wg...#
#........#.#
.#......## #
##....[.
#......#
#..#.##.# ..###
#.#


You could see a dart slug and a hobgoblin.

Vanquished Creatures
  A giant cockroach (D:1)
  A goblin (D:1)
  5 hobgoblins (D:1)
  A jackal (D:1)
  2 kobolds (D:1)
  2 bats (D:1)
  A frilled lizard (D:1)
  3 rats (D:1)
16 creatures vanquished.

Notes
Turn   | Place    | Note
-------+----------+-------------------------------------------
     0 | D:1      | MTVSty1e the Gargoyle Ice Elementalist began the quest for the Orb.
     0 | D:1      | Reached XP level 1. HP: 10/10 MP: 3/3
   200 | D:1      | Reached skill level 1 in Fighting
   450 | D:1      | Reached XP level 2. HP: 17/17 MP: 3/5
   816 | D:1      | Reached skill level 1 in Maces & Flails
   962 | D:1      | Killed from afar by a dart slug

Skill      XL: |  1  2 |
---------------+-------+-----
Fighting       | 1 |  1.8
Maces & Flails | 1 |  1.2
Dodging        | |  1.5
Stealth        | |  2.1
Spellcasting   | |  2.0
Conjurations   | |  1.1
Ice Magic      | |  3.0

Action                   || total
-------------------------++-------
Melee: Unarmed           ||    23
       Club              ||    25
 Cast: Freeze            ||    18
Armor: Robe              ||     8
       Leather armour    ||    18
Dodge: Dodged            ||    43
